Map: 승천의 사슬

Players

밤하늘

  • Race: Protoss Protoss
  • Spawn Location: 11:00

테라진

  • Race: Terran Terran
  • Spawn Location: 11:00

VOD

Have the link to the VOD?

Description

Time

  • Played on: April 4, 2019, 8:32 a.m.
  • Length: 14:10
Show
View Real Time Build Order
Export as new Build Order

밤하늘 Protoss 

Build Orders:  

Get SALT Encoding   

  12  0:02  Probe (Chrono Boost)  
  13  0:16  Probe (Chrono Boost)  
  14  0:30  Probe (Chrono Boost)  
  15  0:44  Probe (Chrono Boost)  
  16  0:58  Probe (Chrono Boost)  
  17  1:11  Probe (Chrono Boost)  
  17  1:16  Zoraya Legion  
  18  1:51  Ancient Nexus  
  18  2:03  Xel'Naga Passageway  
  18  2:07  Probe (Chrono Boost)  
  19  2:21  Probe (Chrono Boost)  
  19  2:26  Xel'Naga Passageway  
  20  2:35  Probe (Chrono Boost)  
  21  2:49  Probe (Chrono Boost)  
  22  3:03  Probe (Chrono Boost)  
  22  3:08  Core Forge  
  23  3:17  Probe (Chrono Boost)  
  24  3:31  Probe x2 (Chrono Boost)  
  26  3:45  Probe x2 (Chrono Boost)  
  28  3:58  Probe (Chrono Boost), Constructs Facility  
  28  3:59  Probe (Chrono Boost)  
  30  4:12  Probe (Chrono Boost)  
  30  4:13  Probe (Chrono Boost)  
  32  4:34  Core Forge  
  32  4:36  Probe x2 (Chrono Boost)  
  35  5:00  Probe (Chrono Boost)  
  35  5:02  Probe (Chrono Boost)  
  35  5:04  Xel'Naga Void Array x2  
  35  5:07  Constructs Bay  
  37  5:19  Probe (Chrono Boost)  
  38  5:24  Xel'Naga Void Array x2  
  39  6:06  Zoraya Legion  
  39  6:14  Xel'Naga Shieldguard  
  39  6:18  Xel'Naga Shieldguard  
  41  6:26  Xel'Naga Void Array  
  41  6:29  Xel'Naga Shieldguard  
  41  6:31  Xel'Naga Void Array  
  41  6:36  Xel'Naga Shieldguard  
  43  6:44  Xel'Naga Ambusher  
  43  6:49  Xel'Naga Void Array  
  45  6:55  Xel'Naga Ambusher  
  47  7:11  Xel'Naga Shieldguard  
  47  7:16  Xel'Naga Shieldguard  
  49  7:26  Xel'Naga Void Array  
  49  7:37  Xel'Naga Void Array  
  49  7:39  Xel'Naga Ambusher  
  49  7:40  Xel'Naga Ambusher  
  53  7:56  Xel'Naga Ambusher  
  53  7:57  Xel'Naga Ambusher  
  57  8:13  Xel'Naga Ambusher  
  57  8:14  Xel'Naga Ambusher  
  61  8:31  Xel'Naga Shieldguard x2  
  63  8:45  Xel'Naga Ambusher  
  63  8:46  Xel'Naga Ambusher  
  67  9:03  Xel'Naga Ambusher  
  67  9:09  Xel'Naga Void Array  
  67  9:10  Xel'Naga Shieldguard  
  66  9:20  Xel'Naga Shieldguard  
  66  9:25  Xel'Naga Shieldguard  
  68  9:35  Xel'Naga Shieldguard  
  69  9:42  Xel'Naga Void Array  
  69  9:54  Zoraya Legion  
  69  10:00  Xel'Naga Void Array  
  69  10:10  Xel'Naga Void Array  
  69  10:43  Xel'Naga Ambusher  
  69  10:44  Xel'Naga Ambusher  
  73  10:52  Xel'Naga Void Array  
  73  11:00  Xel'Naga Ambusher  
  73  11:01  Xel'Naga Ambusher  
  73  11:04  Xel'Naga Void Array  
  77  11:18  Xel'Naga Ambusher x2  
  80  11:35  Xel'Naga Ambusher x2  
  84  11:52  Xel'Naga Ambusher  
  84  11:55  Xel'Naga Void Array  
  86  12:01  Zoraya Legion  
  86  12:02  Xel'Naga Void Array  
  86  12:14  Xel'Naga Ambusher x2  
  86  12:33  Xel'Naga Void Array  
  85  13:17  Xel'Naga Ambusher  
  85  13:18  Xel'Naga Ambusher  
  89  13:35  Xel'Naga Ambusher x2  
Show
View Real Time Build Order
Export as new Build Order

테라진 Terran 

Build Orders:  

Get SALT Encoding   

  12  0:20  Barracks  
  12  1:09  Orbital Command  
  11  1:49  Command Center  
  11  2:35  Command Center  
  11  3:31  Orbital Command  
  11  4:56  Orbital Command  
Tags
 
Add a new tag
Caveats
  • Supply blocks, unpowered buildings, or Contaminate may cause inaccurate times.
  • Supply counts are checked every 10 seconds.